 Dungeon Crawl Stone Soup version 0.32-a0-994-gabb26cbae4 (webtiles) character file.

Game seed: 6597309094390207214

31 Revguard the Shield-Bearer (level 3, 0/29 HPs)
             Began as a Formicid Fighter on Apr 22, 2024.
             Slain by a goblin
             ... wielding a +0 dagger of speed
             ... led by Robin
              (3 damage)
             ... on level 2 of the Dungeon.
             The game lasted 00:02:09 (765 turns).

Revguard the Shield-Bearer (Formicid Fighter)        Turns: 765, Time: 00:02:10

Health: 0/29       AC:  6    Str: 22    XL:     3   Next: 40%
Magic:  3/3        EV: 10    Int:  7    God:
Gold:   60         SH:  4    Dex: 13    Spells: 2/2 levels left

rFire   . . .        a - +0 war axe
rCold   + . .        c - +0 buckler
rNeg    . . .        g - +2 leather armour {rC+}
rPois   .            (helmet unavailable)
rElec   .            (no cloak)
rCorr   .            h - +0 pair of gloves
SInv    +            (no boots)
Will    .....        (no amulet)
Stlth   +            (no ring)
HPRegen 0.24/turn    (no ring)
MPRegen 0.08/turn

%: no passive effects
@: mighty
A: permanent stasis, dig shafts and tunnels, antennae 3, four strong arms
a: Dig, Shaft Self


You were on level 2 of the Dungeon.
You visited 1 branch of the dungeon, and saw 2 of its levels.

You collected 60 gold pieces.

Inventory:

Hand Weapons
 a - a +0 war axe (weapon)
 j - a +0 halberd
Armour
 b - a +0 scale mail
 c - a +0 buckler (worn)
 g - a +2 leather armour of cold resistance (worn)
 h - a +0 pair of gloves (worn)
Scrolls
 e - a scroll of silence {unknown}
 f - a scroll of identify {unknown}
 i - a scroll of teleportation {unknown}


   Skills:
 + Level 3.4 Fighting
 * Level 2.5 Axes
 + Level 3.5 Armour
 + Level 0.4 Dodging
 + Level 4.2 Shields
 + Level 0.9 Invocations
 + Level 0.7 Evocations


You had 2 spell levels left.
You didn't know any spells.
Your spell library was empty.

Dungeon Overview and Level Annotations

Branches:
Dungeon (2/15)

Altars:
Elyvilon

Annotations:
D:2 Robin


Innate Abilities, Weirdness & Mutations

You cannot be hasted, slowed, berserked, paralysed or teleported.
You can dig through walls and to a lower floor.
You have a pair of large antennae on your head. (SInv)
Your four strong arms can wield two-handed weapons with a shield.


Message History

The goblin hits you with a +2 dagger of holy wrath!
The goblin barely misses you.
The frilled lizard bites you but does no damage.
You slash the frilled lizard!
You kill the frilled lizard!
You hit the goblin but do no damage. The goblin closely misses you.
You hit the goblin.
You kill the goblin!
You miss the goblin.
The goblin hits you with a +2 dagger of holy wrath.
You feel very mighty all of a sudden. The goblin hits you with a +0 club.
The goblin hits you with a +2 dagger of holy wrath.
* * * LOW HITPOINT WARNING * * *
You slash the goblin!
You kill the goblin!
You slash the goblin!
You kill the goblin!
Robin throws the goblin at you! The goblin hits you with a +0 club.
* * * LOW HITPOINT WARNING * * *
The goblin closely misses you. You block the goblin's attack.
The hobgoblin closely misses you.
Robin says, "Bow before me, strongest of all the hobgoblins!"
You closely miss the goblin. You hit the hobgoblin. You slash the goblin!
You kill the goblin!
The goblin hits you but does no damage. You block the hobgoblin's attack.
Robin says, "Kneel, worm!"
Robin throws the goblin at you!
Unknown command.
You slash the hobgoblin!
You kill the hobgoblin!
You closely miss the goblin. You block the goblin's attack. x2
The hobgoblin barely misses you. The goblin hits you with a +0 club.
* * * LOW HITPOINT WARNING * * *
Unknown command.
You closely miss the goblin. You hit the goblin.
You kill the goblin!
You hit the hobgoblin but do no damage.
The goblin hits you with a +0 dagger of speed.
You die...

.######..
..>......
#........
#........
#.!......
#.g......
#gg....# #@#, ,
#.####)# .#
#......# ##.#
######.##...##.
#.........
#.......##
###.._...##
#.......##
#..#.....#


You could see Robin, a hobgoblin (strong) and a goblin (strong).

Vanquished Creatures
  4 bats
  A giant cockroach (D:1)
  9 goblins (D:2)
  3 hobgoblins
  2 kobolds
  3 quokkas (D:1)
  A frilled lizard (D:2)
  3 rats (D:1)
26 creatures vanquished.

Notes
Turn   | Place    | Note
-------+----------+-------------------------------------------
     0 | D:1      | Revguard the Formicid Fighter began the quest for the Orb.
     0 | D:1      | Reached XP level 1. HP: 18/18 MP: 1/1
    79 | D:1      | Reached XP level 2. HP: 23/24 MP: 2/2
   732 | D:2      | Found a white marble altar of Elyvilon.
   754 | D:2      | Noticed Robin
   756 | D:2      | Reached XP level 3. HP: 29/29 MP: 3/3
   765 | D:2      | Slain by a goblin

Illustrated notes

Levels and vault maps discovered:
D:1:      orjb1_lava_funnel, layout_loops_ring
D:2:      layout_loops_cross, basic_altar, uniq_crazy_yiuf_cottage, uniq_robin

Action                     || total
---------------------------++-------
  Melee: War axe           ||    52
    Use: Potion            ||     1
 Armour: Scale mail        ||    22
         Leather armour    ||    31
  Dodge: Dodged            ||    39
  Block: Buckler           ||    14

Table legend: (Time is in decaauts)
 A = Elapsed time spent in this place.
 B = Non-inter-level travel time spent in this place.
 C = Inter-level travel time spent in this place.
 D = Time resting spent in this place.
 E = Time spent auto-exploring this place.
 F = Levels seen in this place.
 G = Mean time per level.
                   A        B        C        D        E       F      G
               +--------+--------+--------+--------+--------+-----+--------+
         Total |    785 |    754 |     31 |      0 |    537 |   2 |  392.5 |
       Dungeon |    785 |    754 |     31 |      0 |    537 |   2 |  392.5 |
               +--------+--------+--------+--------+--------+-----+--------+

Top non-repeatable levels by time:
     D:1: 736 daAuts
     D:2: 49 daAuts
